 Dungeon Crawl Stone Soup version 0.19-a0-1908-g43c011f (webtiles) character file.

305 Jorund the Chopper (level 6, 0/47 HPs)
             Began as a Demonspawn Fighter on Oct 22, 2016.
             Slain by a gnoll
             ... wielding a +0 spear
              (8 damage)
             ... on level 4 of the Dungeon.
             The game lasted 00:06:17 (3381 turns).

Jorund the Chopper (Demonspawn Fighter)             Turns: 3381, Time: 00:06:18

Health: 0/47       AC:  7    Str: 18    XL:     6   Next: 15%
Magic:  15/15      EV: 12    Int: 10    God:
Gold:   228        SH:  0    Dex: 17    Spells: 0 memorised, 5 levels left

rFire  . . .     SeeInvis .     a - +2 war axe
rCold  . . .     Gourm    .     b - +0 scale mail
rNeg   . . .     Faith    .     (no shield)
rPois  .         Spirit   .     (helmet restricted)
rElec  .         Reflect  .     (no cloak)
rCorr  .         Harm     .     (no gloves)
MR     .....                    (no boots)
Stlth  ..........               (no amulet)
                                q - ring of magical power
                                o - +5 ring of dexterity

@: no status effects
A: antennae 1, repulsion field 2
a: no special abilities


You were on level 4 of the Dungeon.
You were hungry.

You visited 1 branch of the dungeon, and saw 4 of its levels.

You collected 228 gold pieces.

Inventory:

Hand Weapons
 a - a +2 war axe (weapon)
Missiles
 e - a throwing net (quivered)
Armour
 b - a +0 scale mail (worn)
 c - a +0 shield
Jewellery
 o - a +5 ring of dexterity (left hand)
 q - a ring of magical power (right hand)
Wands
 s - a wand of flame (20/48)
Scrolls
 g - 2 scrolls of remove curse
 x - a scroll of teleportation
Potions
 d - a potion of might
 h - a potion of degeneration {unknown}
 i - a potion of agility {unknown}
 j - a potion of haste {unknown}
 k - 2 potions of flight
 m - 2 potions of magic
 r - 3 potions of invisibility
 t - 2 potions of curing
 u - a potion of brilliance {unknown}
 v - 2 potions of lignification {unknown}
 w - 2 potions of mutation {unknown}
Comestibles
 f - a bread ration
 l - 3 chunks of flesh
 n - 2 beef jerkies


   Skills:
 - Level 3.0 Fighting
 * Level 5.3 Axes
 + Level 3.7 Armour
 - Level 2.6 Shields


You had 5 spell levels left.
You didn't know any spells.

Dungeon Overview and Level Annotations

Branches:
Dungeon (4/15)
 Temple: D:4-7

Altars:


Innate Abilities, Weirdness & Mutations

You have a pair of small antennae on your head.
You are surrounded by a moderate repulsion field. (EV +3)


Message History

The gnoll is almost dead.
You hit the gnoll. You barely miss the gnoll. The gnoll closely misses you.
The gnoll barely misses you. The gnoll hits you with a club.
The gnoll hits you with a spear.
Unknown command.
You closely miss the gnoll.
The gnoll is almost dead.
You hit the gnoll but do no damage. You hit the gnoll.
The gnoll hits you but does no damage. The gnoll hits you with a flail.
The gnoll hits you but does no damage. The gnoll hits you with a spear!
* * * LOW HITPOINT WARNING * * *
Unknown command.
You are too injured to fight recklessly!
Your scale mail prevents you from hitting the gnoll.
The gnoll is almost dead.
You hit the gnoll. You slash the gnoll! The gnoll barely misses you.
The gnoll hits you with a club.
* * * LOW HITPOINT WARNING * * *
The gnoll hits you but does no damage. The gnoll hits you with a spear!
You die...

*,,,*,,* *,,,,,..#####...# #.#.
*,,,,,,*******#### #...# #.##
*,,,,,,>,,,,* #...# #.##
*,**,,,****,* #...# #...
*,,,,,,****,* #...# #...
,,,,,,,,,,*,* #...# #.##
*,,,,,*,,,,,* #######...#####.##
*,,,,,*,*.#.####..(............##
*,,,,,,,*......g@(.............##
*,,,,,,,,......gg................
*,,,,,,,,...###).####.....###..##
****,,,,,#,,,,#).# #.....# #..##
***,,,,,,*,#..# #.....# #..##
*,,,,,,*,#..# #.....# #.)##
****,**,,,,...#**#.....# #....
**,,,,,****.#.#.,,*.....####.).
***,,,,,,****,*,,,,,,*#.......###


You could see 3 gnolls.

Vanquished Creatures
  A gnoll shaman (D:4)
  A hound (D:3)
  An orc wizard (D:3)
  Robin (D:3)
  4 gnolls (D:4)
  4 adders
  An adder skeleton (D:4)
  4 worms
  5 dart slugs
  4 leopard geckos
  9 orcs
  7 giant cockroaches
  12 hobgoblins
  3 jackals (D:1)
  8 kobolds
  A quokka (D:2)
  A ball python (D:3)
  9 bats
  4 frilled lizards
  15 goblins
  A leopard gecko skeleton (D:4)
  8 rats
104 creatures vanquished.

Notes
Turn   | Place    | Note
-------+----------+-------------------------------------------
     0 | D:1      | Jorund the Demonspawn Fighter began the quest for the Orb.
     0 | D:1      | Reached XP level 1. HP: 18/18 MP: 1/1
    52 | D:1      | Reached skill level 2 in Axes
   130 | D:1      | Gained mutation: You have a pair of small antennae on your head. [demonic ancestry]
   130 | D:1      | Reached XP level 2. HP: 13/24 MP: 2/2
   624 | D:1      | Reached XP level 3. HP: 24/29 MP: 3/3
   821 | D:2      | Reached skill level 3 in Axes
  1123 | D:2      | Gained mutation: You are surrounded by a mild repulsion field. (EV +2) [demonic ancestry]
  1123 | D:2      | Reached XP level 4. HP: 34/35 MP: 4/4
  1328 | D:3      | Noticed Robin
  1812 | D:3      | Reached skill level 4 in Axes
  1863 | D:3      | Killed Robin
  1863 | D:3      | Reached XP level 5. HP: 18/41 MP: 5/5
  2926 | D:3      | Reached skill level 5 in Axes
  3201 | D:4      | Gained mutation: You are surrounded by a moderate repulsion field. (EV +3) [demonic ancestry]
  3201 | D:4      | Reached XP level 6. HP: 43/47 MP: 6/6
  3381 | D:4      | Slain by a gnoll

Vault maps used:
D:1:      dpeg_arrival_connections, minmay_small_reverse_x
D:3:      minmay_randomly_rotated_circles, uniq_robin
D:4:      nicolae_overflow_hidden_temple, serial_shops, shop

Skill      XL: |  1  2  3  4  5 |
---------------+----------------+-----
Axes           | 2 3 4 5 |  5.3
Armour         | 3 |  3.7
Fighting       | |  3.0
Shields        | |  2.6

Action                   |  1- 3 |  4- 6 || total
-------------------------+-------+-------++-------
Melee: War axe           |   123 |   213 ||   336
  Use: Scroll            |     2 |     9 ||    11
  Eat: Chunk             |     1 |     7 ||     8
Armor: Scale mail        |    90 |    99 ||   189
Dodge: Dodged            |    79 |   150 ||   229
